 Dungeon Crawl Stone Soup version 0.29-a0-472-ge5599a681e (webtiles) character file.

Game seed: 2412390715205197746

7870 dabmancer the Thaumaturge (level 11, -5/47 HPs)
             Began as a Spriggan Hedge Wizard on May 22, 2022.
             Was a Priest of Nemelex Xobeh.
             Slain by a fire bat (8 damage)
             ... on level 1 of the Abyss on May 23, 2022.
             The game lasted 02:09:51 (20155 turns).

dabmancer the Thaumaturge (Spriggan Hedge Wizard)  Turns: 20155, Time: 02:09:52

Health: -5/47      AC:  5    Str:  6    XL:     11   Next: 2%
Magic:  24/29      EV: 19    Int: 20    God:    Nemelex Xobeh [***...]
Gold:   694        SH:  0    Dex: 15    Spells: 16/37 levels left

rFire   . . .      SeeInvis +   w - +7 spear "Quazo" {elec, *Slow Fly rN+ rCorr}
rCold   . . .      Faith    .   (no shield)
rNeg    + + .      Spirit   .   Y - +2 robe {rN+}
rPois   .          Reflect  .   c - +0 hat
rElec   .          Harm     .   F - +0 cloak
rCorr   +          Rampage  .   (gloves unavailable)
Will    +....                   (boots unavailable)
Stlth   +++.......              K - amulet of regeneration
HPRegen 0.95/turn               W - ring of wizardry
MPRegen 0.21/turn               V - ring of see invisible

@: flying, very quick
A: very small, no large weapons, unfitting armour, see invisible, speed 3
a: Renounce Religion, Draw Escape, Draw Destruction, Draw Summoning, Triple Draw


You were on level 1 of the Abyss.
You worshipped Nemelex Xobeh.
Nemelex Xobeh was most pleased with you.
You visited 3 branches of the dungeon, and saw 12 of its levels.
You visited the Abyss 1 time.

You collected 694 gold pieces.

Inventory:

Hand Weapons
 w - the +7 spear "Quazo" (weapon) {elec, *Slow Fly rN+ rCorr}
   (You found it on level 2 of the Dungeon)

   It occasionally discharges a powerful burst of electricity upon striking a
   foe.
   rN:        It protects you from negative energy.
   Fly:       It grants you flight.
   rCorr:     It protects you from acid and corrosion.
   *Slow:     It may slow you when you take damage.
 y - a +1 dagger of flaming
 E - a +4 quarterstaff of chaos
 I - a +2 mace of protection
 Q - a +0 short sword of speed
 S - a +2 vorpal flail
Missiles
 p - 6 boomerangs (quivered)
 C - 213 stones
 M - 5 atropa-tipped darts
Armour
 c - a +0 hat (worn)
 n - a +2 robe of cold resistance
 F - a +0 cloak (worn)
 Y - a +2 robe of positive energy (worn)
Magical Staves
 g - a staff of earth
 H - a staff of death
Jewellery
 x - an amulet of guardian spirit
 B - a +6 ring of dexterity
 K - an amulet of regeneration (around neck)
 L - an amulet of magic regeneration
 V - a ring of see invisible (right hand)
 W - a ring of wizardry (left hand)
Wands
 j - a wand of flame (13)
 t - a wand of acid (6)
 N - a wand of iceblast (2)
 Z - a wand of paralysis (14)
Scrolls
 a - 2 scrolls of fear
 b - a scroll of acquirement {unknown}
 e - 5 scrolls of teleportation
 h - 4 scrolls of vulnerability
 i - 2 scrolls of identify
 m - 3 scrolls of magic mapping
 q - a scroll of enchant armour {unknown}
 s - a scroll of fog {unknown}
 u - 3 scrolls of enchant weapon
 A - 2 scrolls of immolation {unknown}
 O - a scroll of poison {unknown}
 T - a scroll of silence {unknown}
Potions
 d - 3 potions of magic
 f - a potion of cancellation {unknown}
 k - 6 potions of heal wounds
 l - 6 potions of flight
 o - 2 potions of ambrosia {unknown}
 r - 3 potions of berserk rage
 z - 4 potions of curing
 D - 5 potions of attraction
 G - 2 potions of lignification
 J - 2 potions of brilliance {unknown}
 P - 3 potions of might
 U - 2 potions of invisibility


   Skills:
 + Level 3.0 Throwing
 + Level 4.7 Dodging
 + Level 5.4 Stealth
 + Level 13.9 Spellcasting
 + Level 6.2 Conjurations
 + Level 0.9 Hexes
 + Level 4.9 Summonings
 + Level 3.2 Translocations
 + Level 2.0 Fire Magic
 + Level 3.5 Air Magic
 + Level 0.2 Evocations


You had 16 spell levels left.
You knew the following spells:

 Your Spells              Type           Power      Damage    Failure   Level
a - Magic Dart            Conj           100%       1d8       1%          1
b - Blink                 Tloc           52%        N/A       1%          2
c - Call Imp              Summ           33%        N/A       1%          2
d - Static Discharge      Conj/Air       33%        N/A       1%          2
e - Conjure Flame         Conj/Fire      30%        6-21      1%          3
f - Iskenderun's Battles  Conj           39%        2d9       4%          5
g - Lightning Bolt        Conj/Air       16%        1d30      7%          5
s - Slow                  Hex            68%        N/A       1%          1

Your spell library contained the following spells:

 Spells                   Type           Power      Damage    Failure   Level
 Mephitic Cloud           Conj/Pois/Air  27%        N/A       1%          3
 Ignite Poison            Fire/Tmut/Pois 16%        N/A       4%          3
 Freezing Cloud           Conj/Ice/Air   13%        6-21      13%         5
 Iron Shot                Conj/Erth      13%        9d3       58%         6
 Spellforged Servitor     Conj/Summ      18%        N/A       80%         7
 Maxwell's Capacitive Co  Air            14%        ∞         100%        8


Dungeon Overview and Level Annotations

Branches:
Dungeon (10/15)            Temple (1/1) D:5            Lair (1/6) D:10
    Orc: D:9-12

Altars:
Ashenzari
Cheibriados
Dithmenos
Elyvilon
Fedhas
Gozag
Hepliaklqana
Kikubaaqudgha
Nemelex Xobeh
Okawaru
Qazlal
Ru
Sif Muna
Trog
Uskayaw
Vehumet
Wu Jian
Xom
Yredelemnul
Zin
The Shining One

Shops:
D:4 *

Annotations:
D:4 Natasha
D:9 3 runed translucent doors, xian's ghost, novice DrCj
D:10 Erolcha; Fannar; Lodul; Urug


Innate Abilities, Weirdness & Mutations

You are very small and have problems with some larger weapons.
You are too small for most types of armour.
You have supernaturally acute eyesight. (SInv)
You cover ground extremely quickly. (Speed+++)


Message History

You throw a boomerang.
The boomerang hits the fire bat but does no damage.
The fire bat is lightly wounded.
The fire bat bites your battlesphere.
Your battlesphere is engulfed in flames.
Your battlesphere resists.
The fire bat bites your battlesphere.
Your battlesphere is engulfed in flames.
Your battlesphere resists.
The fire bat bites your battlesphere.
Your battlesphere is destroyed!
A ynoxinul comes into view.
The ynoxinul gestures.
The fire bat bites you.
You are engulfed in flames!
You swap places.
The fire bat bites your crimson imp.
Your crimson imp is engulfed in flames.
Your crimson imp completely resists.
Your crimson imp closely misses the fire bat.
The fire bat closely misses you.
The ufetubus barely misses your crimson imp.
The ufetubus misses your crimson imp. The fire bat misses you.
Your crimson imp blinks!
The fire bat attacks as you move away! The fire bat bites you.
You are engulfed in flames.
* * * LOW HITPOINT WARNING * * *
The fire bat closely misses you. The fire bat attacks as you move away!
The fire bat closely misses you.
The fire bat bites you but does no damage.
The fire bat attacks as you move away! The fire bat bites you.
* * * LOW HITPOINT WARNING * * *
You are engulfed in flames!
* * * LOW HITPOINT WARNING * * *
The fire bat barely misses you. The fire bat attacks as you move away!
The fire bat closely misses you. The fire bat bites you.
* * * LOW HITPOINT WARNING * * *
You are engulfed in flames!
You die...
Your body glows slightly and disappears.

## #. #.#.#..##.
. # #. ..
...#.###3#.#.# .
### ###...####3#
###...#.## ##
####5.....# ##
#...######..# ..
##..## #...
...##.##b..# ##.#
#....@##...# #
#....###.####....
..# ## ..# .


You could see a fire bat and an ufetubus (summoned).

Vanquished Creatures
  A two-headed ogre (D:8)
  A cane toad (D:10)
  A hornet (D:8)
  Grinder (D:3)
  2 wyverns (D:8)
  6 yaks
  3 golden eyes (Abyss:1)
  A wraith (Abyss:1)
  A steam dragon (D:8)
  3 orc warriors
  An ice beast (D:8)
  6 black bears
  A sky beast (D:8)
  7 ogres
  A centaur (D:10)
  A necrophage (D:9)
  5 bullfrogs
  2 scorpions
  10 wights
  4 howler monkeys
  4 centaur zombies (D:9)
  2 hounds
  A human zombie (D:9)
  2 jellies
  5 orc priests
  Crazy Yiuf (D:3)
  Natasha (D:4)
  6 iguanas
  10 orc wizards
  A mummy (D:9)
  2 howler monkey zombies (D:9)
  3 gnolls (D:8)
  5 adders
  2 shadow imps
  A white imp (D:8)
  4 dart slugs
  4 worms
  26 orcs
  8 ball pythons
  13 endoplasms
  3 giant cockroaches
  7 hobgoblins
  4 jackals
  8 kobolds
  4 quokkas
  4 bats
  3 frilled lizards
  10 goblins
  8 rats
210 creatures vanquished.

Vanquished Creatures (collateral kills)
  Pikel (D:7)
  Sigmund (D:5)
  Edmund (D:5)
  An ice beast (D:5)
  An ogre (D:10)
  A phantom (D:4)
  A lemure (D:7)
  A kobold brigand (D:9)
  A scorpion (D:4)
  2 wights (D:9)
  A jelly (D:5)
  An orc priest (D:7)
  Natasha (D:4)
  An orc wizard (D:8)
  An adder (D:4)
  A white imp (D:7)
  2 orcs
  A kobold (D:9)
  A frilled lizard (D:3)
21 creatures vanquished.

Vanquished Creatures (others)
  14 fungi (D:10)
  15 plants (D:10)
29 creatures vanquished.

Grand Total: 260 creatures vanquished

Notes
Turn   | Place    | Note
-------+----------+-------------------------------------------
     0 | D:1      | dabmancer the Spriggan Hedge Wizard began the quest for the
                  | Orb.
     0 | D:1      | Reached XP level 1. HP: 9/9 MP: 6/6
   445 | D:1      | Reached XP level 2. HP: 10/13 MP: 2/8
  1130 | D:1      | Reached skill level 1 in Conjurations
  1585 | D:1      | Reached XP level 3. HP: 16/16 MP: 7/10
  1799 | D:1      | Found a faded altar of an unknown god.
  1860 | D:1      | Reached skill level 5 in Spellcasting
  2313 | D:2      | Found an iron altar of Okawaru.
  2322 | D:2      | You fall into a shaft and drop 2 floors!
  2328 | D:4      | Found Niato's General Store.
  2607 | D:4      | Learned a level 2 spell: Blink
  2610 | D:4      | Learned a level 2 spell: Call Imp
  2887 | D:4      | Found an iron altar of Okawaru.
  3251 | D:3      | Reached XP level 4. HP: 21/21 MP: 1/12
  3529 | D:3      | Found a runed translucent door.
  3735 | D:2      | Identified the +7 spear "Quazo" {elec, *Slow Fly rN+ rCorr}
  4627 | D:3      | Noticed Grinder
  4634 | D:3      | Found a white marble altar of Elyvilon.
  4638 | D:3      | Paralysed by Grinder for 5 turns
  5273 | D:3      | Killed Grinder
  5274 | D:3      | Reached skill level 6 in Spellcasting
  5274 | D:3      | Reached skill level 1 in Summonings
  5274 | D:3      | Reached XP level 5. HP: 18/24 MP: 0/15
  5274 | D:3      | Reached XP level 6. HP: 21/28 MP: 0/16
  5452 | D:3      | Noticed Crazy Yiuf
  5572 | D:3      | Killed Crazy Yiuf
  5573 | D:3      | Reached skill level 7 in Spellcasting
  5748 | D:4      | Found a sparkling altar of Nemelex Xobeh.
  5783 | D:4      | Became a worshipper of Nemelex Xobeh the Trickster
  5993 | D:4      | Noticed Natasha
  6007 | D:4      | Killed Natasha
  6086 | D:4      | Learned a level 2 spell: Static Discharge
  6090 | D:4      | Learned a level 3 spell: Conjure Flame
  6100 | D:4      | Reached XP level 7. HP: 32/32 MP: 14/19
  6294 | D:4      | Noticed Natasha
  6318 | D:4      | Killed Natasha
  6461 | D:4      | Reached skill level 1 in Throwing
  6594 | D:4      | Noticed Natasha
  7605 | D:5      | Entered Level 5 of the Dungeon
  7614 | D:5      | Found a staircase to the Ecumenical Temple.
  7647 | D:5      | Reached skill level 8 in Spellcasting
  7716 | D:5      | Reached * piety under Nemelex Xobeh
  7716 | D:5      | Received a gift from Nemelex Xobeh
  8183 | D:5      | Found a hazy altar of Hepliaklqana.
  8200 | Temple   | Entered the Ecumenical Temple
  8449 | D:5      | Noticed Edmund
  8801 | D:5      | Found an ancient bone altar of Kikubaaqudgha.
  8827 | D:5      | Identified the +5 scythe of Wariness {vorpal, Fly rElec rF-
                  | Str+2}
  8844 | D:5      | Noticed Sigmund
  8869 | D:5      | Killed Sigmund
  8870 | D:5      | Reached XP level 8. HP: 36/36 MP: 18/21
  8913 | D:5      | Killed Edmund
  9119 | D:5      | Reached skill level 9 in Spellcasting
  9401 | D:6      | Learned a level 1 spell: Slow
  9838 | D:6      | Reached skill level 1 in Fire Magic
 10504 | D:6      | Reached skill level 10 in Spellcasting
 10618 | D:7      | Reached ** piety under Nemelex Xobeh
 11369 | D:7      | Reached XP level 9. HP: 39/39 MP: 19/24
 11667 | D:7      | Received a gift from Nemelex Xobeh
 12228 | D:8      | Noticed Pikel
 12378 | D:7      | Killed Pikel
 12379 | D:7      | Reached skill level 11 in Spellcasting
 12379 | D:7      | Reached skill level 1 in Air Magic
 12579 | D:8      | Noticed a two-headed ogre
 12596 | D:8      | Found an ornate altar of the Wu Jian Council.
 13727 | D:8      | Found a snail-covered altar of Cheibriados.
 13904 | D:8      | Reached skill level 5 in Conjurations
 14081 | D:8      | Killed a two-headed ogre
 14082 | D:8      | Reached skill level 12 in Spellcasting
 14082 | D:8      | Reached XP level 10. HP: 44/44 MP: 1/27
 14248 | D:8      | Found a sacrificial altar of Ru.
 14328 | D:8      | Received a gift from Nemelex Xobeh
 14399 | D:8      | Found a bloodstained altar of Trog.
 14946 | D:8      | Reached *** piety under Nemelex Xobeh
 15119 | D:9      | Learned a level 5 spell: Iskenderun's Battlesphere
 15125 | D:9      | Learned a level 5 spell: Lightning Bolt
 15218 | D:9      | Found a stormy altar of Qazlal.
 15374 | D:9      | Received a gift from Nemelex Xobeh
 16068 | D:9      | Found a runed translucent gate.
 16068 | D:9      | Found a runed translucent gate.
 16068 | D:9      | Found a runed translucent gate.
 16068 | D:9      | Noticed xian's ghost (novice DrCj)
 16068 | D:9      | Noticed a spectral centaur warrior
 16519 | D:9      | Reached skill level 13 in Spellcasting
 16857 | D:9      | Found a basalt altar of Yredelemnul.
 17209 | D:10     | Entered Level 10 of the Dungeon
 17506 | D:10     | Noticed Lodul
 18050 | D:10     | Found a staircase to the Lair.
 18117 | Lair:1   | Entered Level 1 of the Lair of Beasts
 18117 | Lair:1   | Noticed a cane toad
 18147 | D:10     | Killed a cane toad
 18249 | D:10     | Reached skill level 5 in Stealth
 18464 | D:10     | Noticed Fannar
 19043 | D:10     | Reached XP level 11. HP: 47/47 MP: 22/29
 19146 | D:10     | Noticed Urug
 19794 | D:10     | Noticed Erolcha
 19844 | D:10     | Cast into level 1 of the Abyss (Erolcha)
 19958 | Abyss:1  | Found a corrupted altar of Lugonu.
 19999 | Abyss:1  | Noticed a large abomination
 20080 | Abyss:1  | Noticed an orc sorcerer
 20155 | Abyss:1  | Slain by a fire bat

Illustrated notes

Levels and vault maps discovered:
D:1:      mrwooster_arrival_arrow, layout_loops_ring,
          ebering_ecumenical_altar_hall, bh_walls_and_bars
D:2:      layout_basic, basic_altar
D:3:      layout_rooms, elyvilon_altar_5, uniq_crazy_yiuf_cottage, uniq_grinder
D:4:      layout_loops_ring, okawaru_metal_pillars_1_2,
          nemelex_xobeh_ov_fountains_minmay, serial_shops,
          nicolae_shop_hallway_plus, wad_orctagon, uniq_natasha
D:5:      layout_basic, mainiacjoe_overflow_paths, overflow_temple_1_default,
          minmay_temple_entry_statues_fountains, sigmund_edmund_badplayer
D:6:      layout_basic
D:7:      layout_basic
D:8:      layout_basic, cheibrodos_worm_habitat, mainiacjoe_overflow_alcove_1,
          kennysheep_mini, mainiacjoe_overflow_concentric_impassable, uniq_pikel
D:9:      layout_big_octagon, lemuel_mausoleum_altar_yredelemnul,
          nicolae_qazlal_scattered_showers, gammafunk_ghost_necromancy,
          kennysheep_nub
D:10:     minmay_goldmine, layout_stronghold, gammafunk_temple_overflow_arena,
          grunt_lair_entry_orc_guard_hut, serial_shops,
          nicolae_shop_hallway_plus, due_unseen_surprise, uniq_erolcha,
          uniq_urug, uniq_fannar, uniq_lodul
Temple:   zaba_magenta_temple
Lair:1:   layout_small_grid, serial_bayou_shore_b, grunt_megastairs_3,
          infiniplex_staircase_pool_2, lemuel_fruit_fields, lemuel_fruit_tree
Abyss:1:  base:
D:15

Skill      XL: |  1  2  3  4  5  6  7  8  9 10 |
---------------+-------------------------------+-----
Dodging        | 3 4 |  4.7
Conjurations   | 1 2 3 4 5 6 |  6.2
Spellcasting   | 5 6 7 8 10 12 13 | 13.9
Summonings     | 1 2 3 4 |  4.9
Throwing       | 1 2 3 |  3.0
Stealth        | 4 5 |  5.4
Fire Magic     | 1 2 |  2.0
Air Magic      | 3 |  3.5
Translocations | 2 3 |  3.2
Hexes          | |  0.9
Evocations     | |  0.2

Action                   |  1- 3 |  4- 6 |  7- 9 | 10-12 || total
-------------------------+-------+-------+-------+-------++-------
Melee: Spear             |    38 |    29 |    20 |     4 ||    91
Throw: Dart              |       |     6 |     5 |     5 ||    16
       Stone             |       |     1 |    20 |       ||    21
       Boomerang         |       |       |     4 |     8 ||    12
 Cast: Magic Dart        |   167 |   153 |   368 |   290 ||   978
       Call Imp          |     1 |     7 |    57 |    10 ||    75
       Blink             |       |     1 |     1 |    11 ||    13
       Conjure Flame     |       |       |    18 |    22 ||    40
       Slow              |       |       |     4 |     2 ||     6
       Static Discharge  |       |       |     2 |       ||     2
       Iskenderun's Batt |       |       |       |    30 ||    30
       Lightning Bolt    |       |       |       |    15 ||    15
Invok: Draw Summoning    |       |       |     2 |       ||     2
       Draw Destruction  |       |       |     4 |       ||     4
Evoke: Wand              |       |     1 |       |       ||     1
  Use: Scroll            |       |       |     7 |     6 ||    13
Armor: Robe              |     9 |     8 |     2 |     6 ||    25
Dodge: Dodged            |    39 |    33 |    30 |    51 ||   153

Table legend: (Time is in decaauts)
 A = Elapsed time spent in this place.
 B = Non-inter-level travel time spent in this place.
 C = Inter-level travel time spent in this place.
 D = Time resting spent in this place.
 E = Time spent auto-exploring this place.
 F = Levels seen in this place.
 G = Mean time per level.
                   A        B        C        D        E       F      G
               +--------+--------+--------+--------+--------+-----+--------+
         Total |  15958 |  15675 |    283 |   4148 |   7255 |  13 | 1227.5 |
       Dungeon |  15648 |  15365 |    283 |   4124 |   7130 |  10 | 1564.8 |
        Temple |     61 |     61 |      0 |      0 |     30 |   1 |   61.0 |
          Lair |      5 |      5 |      0 |      0 |      0 |   1 |    5.0 |
         Abyss |    243 |    243 |      0 |     24 |     95 |   1 |  243.0 |
               +--------+--------+--------+--------+--------+-----+--------+

Top non-repeatable levels by time:
     D:9: 2245 daAuts
     D:8: 2108 daAuts
     D:4: 1938 daAuts
     D:1: 1800 daAuts
     D:3: 1408 daAuts
    D:10: 1329 daAuts
     D:6: 1285 daAuts
     D:7: 1218 daAuts
     D:5: 1198 daAuts
     D:2: 1114 daAuts
 Abyss:1: 243 daAuts
  Temple: 61 daAuts
  Lair:1: 5 daAuts
